 Dungeon Crawl Stone Soup version 0.30-a0-373-gd37427bb62 (webtiles) character file.

Game seed: 1230551376628137052

1192 greenreed the Skirmisher (level 8, -8/41 HPs)
             Began as a Kobold Hexslinger on Nov 24, 2022.
             Was a Believer of Hepliaklqana.
             Mangled by a manticore (10 damage)
             ... on level 6 of the Dungeon.
             The game lasted 00:14:26 (5760 turns).

greenreed the Skirmisher (Kobold Hexslinger)        Turns: 5760, Time: 00:14:27

Health: -8/41      AC:  3    Str:  8    XL:     8   Next: 71%
Magic:  13/13      EV: 15    Int: 14    God:    Hepliaklqana [**....]
Gold:   435        SH:  0    Dex: 17    Spells: 10/13 levels left

rFire   . . .      SeeInvis .    w - +0 shortbow
rCold   + . .      Faith    .    (shield currently unavailable)
rNeg    . . .      Spirit   .    c - +0 robe
rPois   .          Reflect  .    (no helmet)
rElec   .          Harm     .    F - +0 cloak
rCorr   +          Rampage  .    (no gloves)
Will    .....                    (no boots)
Stlth   +++.......               (no amulet)
HPRegen 0.26/turn                p - ring of protection from cold
MPRegen 0.13/turn                x - ring of resist corrosion

@: about to teleport, spiked
A: reduced essence, small, no large weapons, nightstalker 3
a: Renounce Religion, Recall Ancestor, Ancestor Identity


You were on level 6 of the Dungeon.
You worshipped Hepliaklqana.
Hepliaklqana was pleased with you.
You visited 1 branch of the dungeon, and saw 6 of its levels.

You collected 435 gold pieces.

Inventory:

Hand Weapons
 a - a +1 sling
 s - the +11 whip "Giantbane" {freeze, *Slow rF++ Str+4}
   (You took it off a kobold on level 4 of the Dungeon)

   It freezes those it strikes, dealing additional cold damage.
   It can also slow down cold-blooded creatures.
   Str:       It affects your strength (+4).
   rF:        It greatly protects you from fire.
   *Slow:     It may slow you when you take damage.
 w - a +0 shortbow (weapon)
 C - a +0 vampiric dagger
Missiles
 q - 19 poisoned darts
 E - 4 atropa-tipped darts
Armour
 c - a +0 robe (worn)
 F - a +0 cloak (worn)
Jewellery
 p - a ring of protection from cold (left hand)
 x - a ring of resist corrosion (right hand)
 G - a ring of positive energy
Wands
 A - a wand of roots (12)
 D - a wand of mindburst (12)
Scrolls
 b - 2 scrolls of poison
 d - 3 scrolls of immolation {unknown}
 f - a scroll of enchant armour {unknown}
 g - 4 scrolls of vulnerability
 h - a scroll of summoning {unknown}
 i - 3 scrolls of identify {unknown}
 j - 2 scrolls of teleportation
 l - 4 scrolls of noise
 m - a scroll of torment {unknown}
 o - a scroll of brand weapon {unknown}
 y - a scroll of silence {unknown}
Potions
 e - 3 potions of invisibility {unknown}
 k - a potion of heal wounds {unknown}
 n - 3 potions of flight {unknown}
 t - 2 potions of magic {unknown}
 u - a potion of brilliance {unknown}
 v - a potion of lignification {unknown}
 z - a potion of ambrosia {unknown}
 B - a potion of attraction {unknown}
 H - a potion of might {unknown}


   Skills:
 + Level 3.5 Fighting
 * Level 10.6 Ranged Weapons
 + Level 2.8 Dodging
 + Level 0.4 Stealth
 * Level 3.3 Spellcasting
 * Level 4.3 Hexes


You had 10 spell levels left.
You knew the following spells:

 Your Spells              Type           Power      Damage    Failure   Level
a - Slow                  Hex            56%        N/A       3%          1
b - Blink                 Tloc           4%         N/A       30%         2

Your spell library contained the following spells:

 Spells                   Type           Power      Damage    Failure   Level
 Beastly Appendage        Tmut           4%         N/A       21%         1
 Inner Flame              Hex/Fire       8%         N/A       26%         3
 Portal Projectile        Hex/Tloc       16%        N/A       26%         3
 Momentum Strike          Conj/Tloc      4%         3d8       30%         2
 Poisonous Vapours        Pois/Air       4%         N/A       30%         2
 Cause Fear               Hex            7%         N/A       34%         4
 Gell's Gravitas          Tloc           2%         N/A       52%         3
 Lesser Beckoning         Tloc           4%         N/A       52%         3
 Spider Form              Tmut/Pois      2%         N/A       52%         3
 Teleport Other           Tloc           2%         N/A       52%         3
 Vhi's Electric Charge    Tloc/Air       4%         N/A       52%         3
 Arcjolt                  Conj/Air       1%         1d11      99%         5
 Dispersal                Tloc           1%         N/A       100%        6
 Storm Form               Tmut/Air       1%         N/A       100%        7
 Maxwell's Capacitive Co  Air            1%         ∞         100%        8


Dungeon Overview and Level Annotations

Branches:
Dungeon (6/15)             Temple (0/1) D:5

Altars:
Hepliaklqana
Makhleb

Shops:
D:2 [


Innate Abilities, Weirdness & Mutations

Your life essence is reduced to manifest your ancestor. (-10% HP)
You are small and have problems with some larger weapons.
You are completely attuned to the shadows.


Message History

Aiming: Slow (safe; 3% risk of failure)
Press: ? - help, Shift-Dir - straight line, f - manticore
Aim: a manticore (chance to affect: 30%)
The manticore easily resists.
Casting: Slow (safe; 3% risk of failure)
Confirm with . or Enter, or press ? or * to list all spells.
Aiming: Slow (safe; 3% risk of failure)
Press: ? - help, Shift-Dir - straight line, f/p - manticore
Aim: a manticore (chance to affect: 30%)
The manticore seems to slow down.
You enter the shallow water.
Moving in this stuff is going to be slow.
The manticore flicks its tail.
The volley of spikes hits you!
The barbed spikes become lodged in your body.
* * * LOW HITPOINT WARNING * * *
You are too injured to fight recklessly!
Fire: w) +0 shortbow
Press: ? - help, Q - select action, (/) - cycle Shift-Dir - straight line, f/p - manticore
Aim: a manticore (slow, 76% to hit)
You shoot an arrow. The arrow barely misses the manticore.
Fire: w) +0 shortbow
Press: ? - help, Q - select action, (/) - cycle Shift-Dir - straight line, f/p - manticore
Aim: a manticore (slow, 76% to hit)
You shoot an arrow.
The arrow hits the manticore but does no damage.
You feel better.
As you read the scroll labelled DUMOAGR QEAGU, it crumbles to dust.
You hear a loud clanging noise!
It was a scroll of noise.
The manticore is no longer moving slowly.
As you read the scroll labelled ZUNGAO XISOTT, it crumbles to dust.
You feel strangely unstable.
It was a scroll of teleportation.
The manticore barely misses you. The manticore misses you.
The manticore claws you!
* * * LOW HITPOINT WARNING * * *
You feel better. The manticore bites you!
* * * LOW HITPOINT WARNING * * *
The manticore claws you!
You die...

###########.##.#
#.# #.....# #.#
#[.#### #.# #..#
#.# #..########
#.#
#.........###.#
########...^..#
###...~H##.#####
#~~.####@###
.~~~##'..##.#
#####.....#.#
#.....#)#
#P..S.#~#
#$S~./#~#
#~.?~.#~#
#≈≈.≈≈#~#
#.!$$~##≈S≈##~#


You could see a manticore.

Vanquished Creatures
  An ice beast (D:6)
  A centaur (D:5)
  A bullfrog (D:5)
  2 scorpions
  An electric eel (D:6)
  2 hounds
  A gnoll bouda (D:4)
  2 iguanas
  Robin (D:1)
  5 gnolls
  10 adders
  A shadow imp (D:5)
  A white imp (D:5)
  A worm (D:3)
  3 dart slugs
  8 orcs
  5 bats
  8 endoplasms
  14 goblins
  8 hobgoblins
  9 jackals
  12 kobolds
  2 quokkas (D:1)
  4 ball pythons
  3 frilled lizards
  8 rats
114 creatures vanquished.

Vanquished Creatures (collateral kills)
  A black bear (D:6)
  A scorpion (D:6)
  A necrophage (D:6)
  A howler monkey (D:5)
  2 iguanas
  2 orc wizards
  A gnoll (D:4)
  2 adders
  A worm (D:5)
  2 orcs
14 creatures vanquished.

Vanquished Creatures (others)
  2 knights (D:6)
  2 ancestors
  6 plants
10 creatures vanquished.

Grand Total: 138 creatures vanquished

Notes
Turn   | Place    | Note
-------+----------+-------------------------------------------
     0 | D:1      | greenreed the Kobold Hexslinger began the quest for the
                  | Orb.
     0 | D:1      | Reached XP level 1. HP: 12/12 MP: 2/2
   228 | D:1      | Reached skill level 3 in Ranged Weapons
   228 | D:1      | Reached XP level 2. HP: 16/16 MP: 3/3
   609 | D:1      | Learned a level 2 spell: Blink
   939 | D:1      | Reached XP level 3. HP: 20/20 MP: 4/4
   943 | D:1      | Reached skill level 4 in Ranged Weapons
  1093 | D:2      | Found a hazy altar of Hepliaklqana.
  1147 | D:2      | Became a worshipper of Hepliaklqana the Forgotten
  1219 | D:2      | Reached skill level 5 in Ranged Weapons
  1219 | D:2      | Reached XP level 4. HP: 13/25 MP: 5/5
  1370 | D:2      | Noticed Robin
  1616 | D:1      | Killed Robin
  1797 | D:2      | Reached XP level 5. HP: 29/29 MP: 6/6
  1808 | D:2      | Found Ronacs's Armour Boutique.
  2054 | D:2      | Reached skill level 6 in Ranged Weapons
  2390 | D:3      | Found a burning altar of Makhleb.
  2519 | D:3      | Reached XP level 6. HP: 21/35 MP: 8/8
  2535 | D:3      | HP: 1/35 [poisoned by an adder]
  2862 | D:3      | Reached skill level 7 in Ranged Weapons
  3032 | D:3      | Reached * piety under Hepliaklqana
  3342 | D:4      | Identified the +11 whip "Giantbane" {freeze, *Slow rF++
                  | Str+4}
  3706 | D:4      | Reached XP level 7. HP: 36/36 MP: 9/9
  4099 | D:5      | Entered Level 5 of the Dungeon
  4135 | D:5      | Reached skill level 8 in Ranged Weapons
  4346 | D:5      | Reached skill level 9 in Ranged Weapons
  4433 | D:5      | Reached ** piety under Hepliaklqana
  4434 | D:5      | Remembered your ancestor Hamal as a knight
  4528 | D:5      | Identified the +0 leather armour of the Present {rC+ Will-
                  | Str+2}
  4582 | D:5      | Found a staircase to the Ecumenical Temple.
  4989 | D:6      | Reached XP level 8. HP: 41/41 MP: 11/11
  5054 | D:6      | Reached skill level 10 in Ranged Weapons
  5432 | D:6      | Identified the +7 short sword of Aqeg {distort, *Noise
                  | rPois Str+6 Stlth+}
  5586 | D:6      | Got the Compendium of the Metamorphic Stinger
  5746 | D:6      | Noticed a manticore
  5760 | D:6      | HP: 2/41 [manticore (10)]
  5760 | D:6      | Mangled by a manticore

Illustrated notes

Levels and vault maps discovered:
D:1:      reono_arrival_forest_river, layout_loops_corners,
          kennysheep_crisscross
D:2:      layout_rooms, basic_altar, serial_shops, nicolae_shop_behind_doors,
          uniq_robin
D:3:      layout_rooms, mainiacjoe_overflow_concentric_impassable,
          serial_corexii_hall, chequers_hall_statues_y, corexii_hall_statues_l,
          minmay_misc_feat_pillars, chequers_serial_rivers_micro_b,
          minmay_pentomino_pile
D:4:      layout_basic, hangedman_decor_points, chequers_jeans
D:5:      layout_loops_ring, minmay_temple_entry_overgrown
D:6:      cheibrodos_two_vegetables, layout_loops_ring

Skill      XL: |  1  2  3  4  5  6  7  8 |
---------------+-------------------------+-----
Ranged Weapons | 3 5 6 7 9 10 | 10.6
Fighting       | 2 3 |  3.5
Spellcasting   | 2 3 |  3.3
Hexes          | 4 |  4.3
Dodging        | |  2.8
Stealth        | |  0.4

Action                   |  1- 3 |  4- 6 |  7- 9 || total
-------------------------+-------+-------+-------++-------
 Fire: Sling             |    67 |   256 |    37 ||   360
       Shortbow          |       |       |    87 ||    87
 Cast: Slow              |     2 |    12 |     2 ||    16
Invok: Ancestor Life: Kn |       |       |     1 ||     1
  Use: Potion            |       |     2 |     2 ||     4
       Scroll            |       |       |     3 ||     3
Armor: Robe              |     6 |    28 |     2 ||    36
Dodge: Dodged            |    27 |   167 |    15 ||   209

Table legend: (Time is in decaauts)
 A = Elapsed time spent in this place.
 B = Non-inter-level travel time spent in this place.
 C = Inter-level travel time spent in this place.
 D = Time resting spent in this place.
 E = Time spent auto-exploring this place.
 F = Levels seen in this place.
 G = Mean time per level.
                   A        B        C        D        E       F      G
               +--------+--------+--------+--------+--------+-----+--------+
         Total |   5823 |   5765 |     58 |    481 |   4266 |   6 |  970.5 |
       Dungeon |   5823 |   5765 |     58 |    481 |   4266 |   6 |  970.5 |
               +--------+--------+--------+--------+--------+-----+--------+

Top non-repeatable levels by time:
     D:1: 1329 daAuts
     D:2: 1028 daAuts
     D:4: 951 daAuts
     D:5: 884 daAuts
     D:3: 843 daAuts
     D:6: 787 daAuts
